[Event "44th Chess Olympiad Open 2022"]
[Site "Chennai"]
[Date "2022.08.08"]
[Round "10.23"]
[White "Dragnev, Valentin"]
[Black "Fluvia Poyatos, Jordi"]
[Result "1/2-1/2"]
[ECO "B12"]
[WhiteElo "2557"]
[BlackElo "2451"]
[Annotator "TA"]
[PlyCount "86"]
[EventDate "2022.07.29"]
[EventType "team-tourn"]
[EventCountry "IND"]
[SourceTitle "playchess.com"]
[Source "ChessBase"]
[SourceQuality "1"]
[WhiteTeam "Austria"]
[BlackTeam "Andorra"]
[WhiteTeamCountry "AUT"]
[BlackTeamCountry "AND"]
[TimeControl "40/5400+30:1800+30"]

1. e4 c6 2. d4 d5 3. e5 c5 4. Nf3 cxd4 5. Qxd4 Nc6 6. Qf4 {[%emt 0:00:22] B12: Caro-Kann: Advance Variation.} e6 7. Bd3 Nb4 8. Nc3 $1 {[%emt 0:00:33][%mdl 4] The position is equal. is now more promising than 8.0-0.} Bd7 9. O-O Nxd3 10. cxd3 Ne7 11. h4 Ng6 12. Qg3 h5 {[%emt 0:01:17] [#]} 13. Ne2 $146 ({Predecessor:} 13. a3 Be7 14. Bg5 Bxg5 15. hxg5 Qb6 16. Rab1 O-O-O 17. Rfc1 Kb8 18. Nxd5 Qb5 19. Nb4 {½-½ (51) Iljiushenok,I (2515)-Rozum,I (2566) Sochi 2020}) 13... Qb6 14. Be3 Qxb2 15. Nfd4 Qa3 16. Nf4 Nxf4 (16... Nxe5 17. Nfxe6 Bxe6 18. Nxe6 fxe6 19. Qxe5 $11) 17. Bxf4 g6 ({Black should try} 17... Rc8 $17) 18. Rac1 Be7 19. Bg5 $1 $36 {[%emt 0:03:04][%mdl 2048] White has good play.} (19. Rc7 Qb4 20. Nb3 Bc6 $17) 19... Bxg5 20. Qxg5 Qxd3 21. Rfd1 Qa3 22. Rc7 Qa4 23. Rd3 Rc8 $2 {[%emt 0:01:08][%mdl 8192] [#]} (23... O-O $11) 24. Rxb7 $2 (24. Nxe6 $1 $18 {[%mdl 512] White wants to mate with Rxc8+.} fxe6 25. Rxc8+ (25. Rxb7 $2 Qg4 $19) 25... Bxc8 26. Qxg6+ Kd8 27. Qf6+ Kc7 28. Rc3+ Kb6 29. Qxh8) 24... O-O $11 25. Qh6 {[%emt 0:09:25] Hoping for Nf3.} Rb8 26. Rbb3 ({Of course not} 26. Rc7 Rfc8 27. Rxc8+ Rxc8 $17) 26... Rxb3 27. axb3 Qb4 {[%emt 0:00:28] Strongly threatening ...Qe1+.} 28. Nf3 {[%emt 0:01:39] Prevents Qe1+. g3 is the strong threat.} Rc8 (28... Bb5 $2 29. Rd1 Rc8 30. Ng5 $18) 29. Rd4 Qf8 30. Qe3 Qc5 31. Kh2 Qc1 32. Rd2 Qc5 (32... a5 $17) 33. Qg5 (33. Rd4 $1 $11) 33... Be8 $15 34. Kg3 Rc7 35. Rd4 Qe7 ({Better is} 35... Rb7 $17 36. Qe3 a6) 36. Qe3 a5 37. Qd2 Qc5 38. Rd3 Qa3 39. Qe3 Qc5 (39... Qb4 $17 40. Qd2 Qc5) 40. Qg5 (40. Qd2 $1 $11) 40... Qe7 41. Qd2 Qc5 42. Qg5 $1 Qe7 43. Qd2 $1 Qc5 {[%emt 0:00:26] Weighted Error Value: White=0.29 (precise) /Black=0.19 (very precise)} (43... Bb5 $17 44. Rc3 Be8) 1/2-1/2

[Event "44th Chess Olympiad Open 2022"]
[Site "Chennai"]
[Date "2022.08.08"]
[Round "10.23"]
[White "Henderson de La Fuente, Lance"]
[Black "Ragger, Markus"]
[Result "1/2-1/2"]
[ECO "C77"]
[WhiteElo "2490"]
[BlackElo "2647"]
[Annotator "TA"]
[PlyCount "80"]
[EventDate "2022.07.29"]
[EventType "team-tourn"]
[EventCountry "IND"]
[SourceTitle "playchess.com"]
[Source "ChessBase"]
[SourceQuality "1"]
[WhiteTeam "Andorra"]
[BlackTeam "Austria"]
[WhiteTeamCountry "AND"]
[BlackTeamCountry "AUT"]
[TimeControl "40/5400+30:1800+30"]

1. e4 e5 2. Nf3 Nc6 3. Bb5 a6 4. Ba4 Nf6 5. Bxc6 dxc6 6. d3 Bd6 $1 {[%emt 0:00:23] The main line 6...Bd6 scores better than 6...Nd7.} 7. Nbd2 Be6 8. b3 {[%emt 0:04:32] C77: Ruy Lopez: 3...a6 4 Ba4 Nf6, unusual lines.} Nd7 9. Nc4 Bxc4 10. dxc4 O-O 11. O-O Qe7 12. Qe2 Rfd8 13. g3 {[%emt 0:09:44] [#]} b5 $146 ({Predecessor:} 13... f6 14. Rd1 Nf8 15. c3 Ne6 16. Ne1 a5 17. Nd3 Rd7 18. Be3 Rad8 19. Kg2 b6 {½-½ (51) Har Even,A (2374)-Bescos Anzano,M (2562) ICCF email 2016}) 14. a4 Rab8 15. axb5 axb5 16. Kg2 Nf8 17. Ra6 Qe8 18. Be3 Ne6 {[%emt 0:05:11] Prevents c5.} 19. Ng5 Nxg5 20. Bxg5 Ra8 21. Rfa1 Rxa6 22. Rxa6 Ra8 23. Rxa8 Qxa8 $14 {[%emt 0:00:49][%mdl 4096] Endgame KQB-KQB} 24. f3 Qa6 25. Be3 bxc4 26. Qxc4 Qxc4 27. bxc4 $11 {[%emt 0:00:02] KB-KB} f6 28. Kf2 (28. c5 $5 Be7 29. f4 $11) 28... Kf7 29. Ke2 Ke6 30. Kd3 c5 31. Kc3 Kd7 32. Kb3 Kc6 33. Ka4 Kb6 34. g4 g5 35. h3 Be7 36. Bd2 Bd6 37. Bc3 Be7 38. Ba5+ Kc6 39. Bc3 Kb6 $1 40. Ba5+ Kc6 {[%emt 0:00:04] Weighted Error Value: White=0.08 (flawless) /Black=0.05 (flawless)} 1/2-1/2

[Event "44th Chess Olympiad Open 2022"]
[Site "Chennai"]
[Date "2022.08.08"]
[Round "10.23"]
[White "Horvath, Dominik"]
[Black "Ribera Veganzones, Serni"]
[Result "1-0"]
[ECO "B22"]
[WhiteElo "2488"]
[BlackElo "2203"]
[Annotator "TA"]
[PlyCount "123"]
[EventDate "2022.07.29"]
[EventType "team-tourn"]
[EventCountry "IND"]
[SourceTitle "playchess.com"]
[Source "ChessBase"]
[SourceQuality "1"]
[WhiteTeam "Austria"]
[BlackTeam "Andorra"]
[WhiteTeamCountry "AUT"]
[BlackTeamCountry "AND"]
[TimeControl "40/5400+30:1800+30"]

1. e4 c5 2. c3 Nf6 3. e5 Nd5 4. Bc4 Nb6 5. Bb3 Nc6 6. d4 cxd4 7. cxd4 d5 8. Bc2 $1 {[%emt 0:00:08][%mdl 4] now scores much better than the old 8.Nc3. B22: Sicilian: 2 c3.} e6 9. Nc3 Bd7 10. Nf3 {[%emt 0:00:19] White is slightly better.} Be7 {[%emt 0:00:56] [#]} 11. h4 $146 ({Predecessor:} 11. a3 a6 12. O-O Rc8 13. Re1 Na5 14. Qd3 Qc7 15. Nd2 Nac4 16. Nxc4 Nxc4 17. Qg3 {1-0 (32) Curia,S (1989)-Manteiga,F (1684) Montevideo 2019}) 11... h6 12. h5 Rc8 13. Rh3 a6 (13... Nc4 $11) 14. Rg3 $16 Bf8 15. Kf1 Na7 16. Bd3 Nc4 17. Ne2 Qb6 18. b3 Na5 19. Be3 Bb5 20. Ne1 Bxd3 21. Nxd3 Nb5 22. Nc5 Qd8 23. a4 Na7 24. Nd3 {[%emt 0:20:58] White is more active.} Qh4 25. Ndf4 N5c6 26. Rc1 Nb4 27. Bd2 Nbc6 28. Rc2 Qh1+ 29. Ng1 Qh4 $1 (29... Nxd4 $2 30. Rxc8+ (30. Rh3 Qxg1+ 31. Kxg1 Nxc2 $18) 30... Nxc8 31. Rh3 Qxh3 32. Ngxh3 $18) 30. Be3 Nb4 31. Rxc8+ Nxc8 32. Bc1 Nc6 33. Qd3 Qd8 34. Nge2 N8e7 35. Rf3 Qb6 36. Ba3 Nb4 37. Qd2 Nec6 38. Rg3 Rg8 39. Bxb4 Nxb4 40. Qc1 {[%emt 0:01:14] Hoping for Qc8+.} Nc6 41. Qc2 Rh8 {[%emt 0:33:12] Prevents Qh7.} 42. Rg4 Ne7 43. Rg3 Kd7 (43... Nc6 $11 {should be considered.}) 44. Rf3 {[%emt 0:00:00] next Nd3 is good for White.} Ke8 45. Nd3 Nc6 46. Rg3 Rg8 (46... Kd7 {seems wilder.} 47. Qb2 Rg8 48. b4 g5) 47. Kg1 Be7 48. Rg4 Bf8 49. Kh2 Be7 50. Kh1 Bf8 51. Qc3 Be7 52. Qc2 Bf8 53. Kh2 Be7 54. Ne1 Bf8 (54... Qb4 $11 55. Nd3 Qb6) 55. Rg3 Rh8 56. f4 Kd7 (56... Ne7 $14) 57. Nf3 Ne7 {[%emt 0:01:38] [#] Inhibits f5.} (57... f5 $142) 58. Nh4 $1 Nc6 {[%emt 0:00:29] [#]} 59. f5 $1 {[%emt 0:03:03] Threatens to win with fxe6+.} ({Don't take} 59. Nf3 $6 f5 $14) 59... Nxd4 60. Nxd4 {[%emt 0:00:04][%mdl 64] Remove Defender} Qxd4 61. fxe6+ {[%emt 0:00:08][%mdl 64] Deflection} Kxe6 $2 (61... fxe6 $2 62. Ng6 Bb4 63. Nxh8 $18) (61... Kd8 $16 62. Nf3 (62. Nf5 Qxe5 63. exf7 Be7 $14) 62... Qf4) 62. Qc8+ {[%emt 0:00:05] Weighted Error Value: White=0.11 (very precise) /Black=0.25 (precise)} 1-0

[Event "44th Chess Olympiad Open 2022"]
[Site "Chennai"]
[Date "2022.08.08"]
[Round "10.23"]
[White "Ribera Veganzones, Josep Maria"]
[Black "Blohberger, Felix"]
[Result "0-1"]
[ECO "B33"]
[WhiteElo "2228"]
[BlackElo "2492"]
[Annotator "TA"]
[PlyCount "104"]
[EventDate "2022.07.29"]
[EventType "team-tourn"]
[EventCountry "IND"]
[SourceTitle "playchess.com"]
[Source "ChessBase"]
[SourceQuality "1"]
[WhiteTeam "Andorra"]
[BlackTeam "Austria"]
[WhiteTeamCountry "AND"]
[BlackTeamCountry "AUT"]
[TimeControl "40/5400+30:1800+30"]

1. e4 c5 2. Nf3 e6 3. d4 cxd4 4. Nxd4 Nf6 5. Nc3 Nc6 6. Ndb5 d6 7. Bf4 e5 8. Bg5 a6 9. Na3 b5 10. Nd5 Be7 11. Bxf6 Bxf6 12. c3 Rb8 13. Nc2 Bg5 14. g3 O-O {[%emt 0:00:56] B33: Sicilian: Pelikan and Sveshnikov Variations.} 15. h4 Bh6 16. Bg2 {[%emt 0:00:43] 16.Qd3 gains popularity.} Ne7 {[%emt 0:07:58] The position is equal.} 17. Ncb4 {[%emt 0:02:54] Pair of Knights!} Bb7 ({Don't play} 17... a5 18. Nxe7+ Qxe7 19. Nc6 $16) 18. O-O a5 19. Nxe7+ Qxe7 20. Nd5 {[%emt 0:00:09] [#]} Qe6 $146 ({Predecessor:} 20... Bxd5 21. Qxd5 Rfc8 22. Rfd1 g6 23. Qxd6 Qxd6 24. Rxd6 b4 25. Bh3 Rc4 26. Bf1 Rc5 27. c4 a4 {½-½ (55) Koscielski,J (2264)-Storme,I (2379) Chess.com INT 2020}) 21. a4 Bxd5 22. exd5 Qd7 23. axb5 Rxb5 24. Qa4 Qb7 25. Rfb1 Rxb2 26. Rxb2 Qxb2 27. Qa3 {[%emt 0:13:44] White is on the road to losing.} (27. Ra2 $142 Qxc3 28. Bf1) 27... Qxa3 $17 {[%emt 0:01:50] Black is more active.} 28. Rxa3 {[%emt 0:00:09][%mdl 4096] Endgame KRB-KRB} Ra8 29. Bh3 {[%emt 0:04:51] [#]} Bc1 $1 30. Ra4 Bb2 31. c4 Bd4 32. Bd7 h5 33. Kf1 g6 34. Ke2 f5 35. f3 Ra7 36. Be8 Kg7 37. Ra2 e4 38. f4 Bc5 39. Bb5 Kf8 40. Ra1 Ke7 41. Ra2 Kd8 42. Ra1 Bb4 43. Ra2 Re7 44. Ke3 {[%emt 0:01:20] [#]} Kc7 $1 45. Ra1 $2 (45. Kd4) 45... Kb6 $19 46. Rb1 Kc5 47. Ra1 Rb7 48. Rc1 Rb8 49. Ra1 (49. Ba4 $142 Ba3 50. Ra1) 49... Bc3 (49... Rxb5 $142 50. cxb5 Kxb5) 50. Ra4 (50. Rc1 $19 Bd4+ 51. Ke2) 50... Rxb5 {[%emt 0:01:14] Black mates.} 51. cxb5 Kxb5 52. Ra2 a4 {[%emt 0:00:26] Weighted Error Value: White=0.43/Black=0.15 (very precise)} 0-1

[Event "44th Chess Olympiad Open 2022"]
[Site "Chennai"]
[Date "2022.08.08"]
[Round "10.24"]
[White "Bogner, Sebastian"]
[Black "O`Gorman, Tom"]
[Result "1-0"]
[ECO "D85"]
[WhiteElo "2545"]
[BlackElo "2401"]
[Annotator "TA"]
[PlyCount "95"]
[EventDate "2022.07.29"]
[EventType "team-tourn"]
[EventCountry "IND"]
[SourceTitle "playchess.com"]
[Source "ChessBase"]
[SourceQuality "1"]
[WhiteTeam "Switzerland"]
[BlackTeam "Ireland"]
[WhiteTeamCountry "SUI"]
[BlackTeamCountry "IRL"]
[TimeControl "40/5400+30:1800+30"]

1. d4 Nf6 2. c4 g6 3. Nc3 d5 4. cxd5 Nxd5 5. e4 Nxc3 6. bxc3 Bg7 7. Qa4+ Qd7 {[%emt 0:00:13] D85: Exchange Grünfeld: Unusual White 7th moves and lines with 7 Nf3.} 8. Qa3 $1 {[%emt 0:00:35][%mdl 4] outshines the older 8.Qb3.} b6 9. Nf3 c5 {[%emt 0:00:09] [#] The position is equal.} 10. Bb2 $1 $146 {[%emt 0:13:54][%mdl 8] A relevant novelty.} ({Predecessor:} 10. Be3 O-O 11. Rd1 cxd4 12. cxd4 Qd6 13. Qxd6 exd6 14. Rc1 Bb7 15. Bd3 Nc6 16. Kd2 {1-0 (40) Carlsen,M (2862)-Vachier Lagrave,M (2784) Wijk aan Zee 2021}) 10... O-O 11. Bd3 Nc6 12. d5 e6 13. c4 {[%emt 0:01:05] Black must now prevent Bxg7.} Bxb2 14. Qxb2 exd5 15. exd5 Qe8+ 16. Be2 Na5 17. O-O Bg4 18. Rfe1 Bxf3 19. Bxf3 Qd7 20. Qc3 Rfe8 (20... Rae8 $11) 21. h4 $1 $16 h5 $1 22. d6 {[%emt 0:03:34] Qf6 is the strong threat.} Rad8 $2 {[%emt 0:09:19] Black cannot hold the game after this.} (22... Rab8 $14) 23. Qf6 $1 $18 Qf5 (23... Nxc4 $2 24. Bd5 Nxd6 25. Qxg6+ Kf8 26. Qxh5 $18) 24. Rxe8+ Rxe8 {[%emt 0:01:19] [#]} 25. d7 $1 (25. Qxf5 gxf5 26. Bd5 (26. Bxh5 Nxc4 27. d7 Rd8 $11) 26... Kg7 $14) 25... Qxd7 (25... Qxf6 $2 26. dxe8=Q+ Kh7 27. Rc1 $18) (25... Re1+ $2 26. Rxe1 Qxf6 27. Re8+ Kg7 28. d8=Q $18) 26. Bd5 $40 {[%emt 0:00:03][%mdl 128] White has strong attack.} Kf8 $2 (26... Re6 27. Bxe6 Qxe6 28. Qxe6 fxe6) 27. Qh8+ Ke7 28. Re1+ Kd8 29. Qf6+ Kc7 30. Qf4+ Kc8 31. Rxe8+ Qxe8 32. Bxf7 {[%emt 0:00:05][%mdl 4096] Endgame KQB-KQN} Qe2 (32... Qe1+ $142 33. Kh2 Qe7 34. Bxg6 Nxc4 35. Bxh5 (35. Bf5+ Kb7 $16) 35... Ne5) 33. Bd5 (33. Qd6 $142 {aiming for Be6+.} Kb7 34. Be6) 33... Qe7 34. g3 Nb7 35. Bf7 Qd6 36. Qe4 Qd1+ 37. Kg2 {[%emt 0:00:19] Hoping for Qc6+.} Nd6 38. Qc6+ Kd8 39. Bd5 Nf5 40. Qa8+ Ke7 41. Qxa7+ Kf6 42. Qxb6+ Kg7 43. Qc7+ Kh6 44. Qf4+ ({Stronger than} 44. Bg8 Ne3+ 45. Kh2 (45. fxe3 Qe2+ 46. Kg1 Qe1+ 47. Kh2 Qe2+ 48. Kh3 Qf1+ 49. Kh2 Qe2+ 50. Kh3 Qf1+ 51. Kh2 Qe2+ $11) 45... Ng4+ 46. Kg2 Ne3+ 47. Kh2 (47. fxe3 Qe2+ 48. Kh3 Qf1+ 49. Kh2 Qe2+ 50. Kh3 Qf1+ 51. Kh2 Qe2+ 52. Kh3 $11) 47... Ng4+ 48. Kg2 Ne3+ $11) 44... Kg7 45. Be4 Qd4 46. Bxf5 {[%emt 0:00:00] White mates.} Qxf4 47. gxf4 gxf5 {[%emt 0:00:00] [#]} 48. a4 $1 {[%emt 0:00:00] Weighted Error Value: White=0.12 (very precise) /Black=0.53} 1-0

[Event "44th Chess Olympiad Open 2022"]
[Site "Chennai"]
[Date "2022.08.08"]
[Round "10.24"]
[White "Murphy, Conor E"]
[Black "Georgiadis, Nico"]
[Result "0-1"]
[ECO "B53"]
[WhiteElo "2404"]
[BlackElo "2578"]
[Annotator "TA"]
[PlyCount "70"]
[EventDate "2022.07.29"]
[EventType "team-tourn"]
[EventCountry "IND"]
[SourceTitle "playchess.com"]
[Source "ChessBase"]
[SourceQuality "1"]
[WhiteTeam "Ireland"]
[BlackTeam "Switzerland"]
[WhiteTeamCountry "IRL"]
[BlackTeamCountry "SUI"]
[TimeControl "40/5400+30:1800+30"]

1. e4 c5 2. Nf3 d6 3. d4 cxd4 4. Qxd4 Nc6 5. Bb5 a6 6. Bxc6+ {[%emt 0:00:12] B53: Sicilian: 2...d6: Lines with Qxd4.} bxc6 7. O-O e5 8. Qa4 {[%emt 0:00:30] The position is equal. now scores much better than the old 8.Qd3.} Qc7 9. c4 Nf6 10. Nc3 Bg4 {[%emt 0:12:51] [#]} 11. Nh4 $146 ({Predecessor:} 11. Bg5 Nd7 12. Nd2 f6 13. Be3 Be7 14. b4 Be6 15. Rfc1 Qb7 16. Rab1 O-O 17. Qd1 {0-1 (33) Anton Guijarro,D (2658)-Vallejo Pons,F (2701) Ciudad Real 2021}) 11... Nd7 12. Be3 Be7 13. Nf5 Bxf5 14. exf5 O-O 15. Rad1 Rfd8 16. Rd3 h6 17. Ne4 Nf6 18. Nxf6+ Bxf6 19. Rb3 {[%emt 0:16:04] Hoping for Bb6.} Rab8 {[%emt 0:04:32] Inhibits Bb6.} 20. Rxb8 Rxb8 21. Qxa6 Rxb2 22. a4 {[%emt 0:00:34] [#]} (22. Rc1 $11) 22... d5 $1 $17 23. cxd5 cxd5 24. Rc1 {[%emt 0:02:11] [#] Now White is beyond hope.} (24. Qa8+ $17 Qd8 25. Qxd8+ Bxd8 26. f4) 24... Rc2 $1 $19 25. Qf1 ({Wrong is} 25. Qa8+ $2 Kh7 26. Rd1 (26. Rxc2 $2 Qxc2 27. g3 d4 $19) 26... d4 $19) 25... d4 26. Qd1 Rxc1 27. Bxc1 {[%emt 0:00:47][%mdl 4096] Endgame KQB-KQB} e4 28. Bd2 (28. h4 {keeps fighting.}) 28... d3 29. a5 $2 (29. Qc1 Qd7 30. a5) 29... Bg5 {[%emt 0:08:00] Strongly threatening ...Bxd2.} 30. Bxg5 hxg5 {[%emt 0:00:04] KQ-KQ} 31. a6 Qc2 {[%emt 0:01:05][%cal Rc2d1] Black mates.} 32. Qf1 d2 33. a7 Qa4 34. g3 Qxa7 35. Qd1 Qd4 {[%emt 0:00:22] Weighted Error Value: White=0.59/Black=0.04 (flawless)} 0-1

[Event "44th Chess Olympiad Open 2022"]
[Site "Chennai"]
[Date "2022.08.08"]
[Round "10.24"]
[White "Kanyamarala, Tarun"]
[Black "Kurmann, Oliver"]
[Result "1/2-1/2"]
[ECO "D02"]
[WhiteElo "2379"]
[BlackElo "2463"]
[Annotator "TA"]
[PlyCount "122"]
[EventDate "2022.07.29"]
[EventType "team-tourn"]
[EventCountry "IND"]
[SourceTitle "playchess.com"]
[Source "ChessBase"]
[SourceQuality "1"]
[WhiteTeam "Ireland"]
[BlackTeam "Switzerland"]
[WhiteTeamCountry "IRL"]
[BlackTeamCountry "SUI"]
[TimeControl "40/5400+30:1800+30"]

1. d4 Nf6 2. Nf3 e6 3. Bf4 d5 4. e3 Bd6 5. c3 O-O 6. Nbd2 {[%emt 0:02:16] D02: 1 d4 d5 2 Nf3 sidelines, including 2...Nf6 3 g3 and 2...Nf6 3 Bf4.} b6 7. Ne5 c5 8. Qf3 {[%emt 0:19:10] 8.h4 is a critical line.} Ba6 9. Bxa6 Nxa6 10. Bg5 Rc8 {[%emt 0:22:59] [#]} 11. O-O $146 (11. Ng4 $5 Be7 12. Bxf6 Bxf6 13. Nxf6+ Qxf6 14. Qxf6 gxf6 15. O-O $11) ({Predecessor:} 11. h4 Be7 12. h5 Ne8 13. Bf4 f6 14. Ng6 Rf7 15. Qg4 Nac7 16. h6 Bd6 17. Bxd6 Nxd6 {1-0 (36) Tang,A (2490)-Zhao,J (2627) Chess.com INT 2019}) 11... Be7 12. Qe2 Nb8 13. dxc5 bxc5 14. e4 Nc6 15. Nxc6 Rxc6 16. Rfe1 Nxe4 17. Bxe7 Qxe7 18. Nxe4 dxe4 19. Qxe4 Rd6 20. Rad1 Rfd8 21. Rxd6 Qxd6 $11 {[%emt 0:00:02][%mdl 4096] Endgame KQR-KQR} 22. g3 g6 23. Qe5 Qd2 24. Re2 Qd1+ 25. Kg2 Rd5 26. Qe3 h5 27. h4 Qb1 28. b3 Qd1 29. Qf3 a5 30. c4 Rd2 31. Re5 Qxf3+ 32. Kxf3 Rxa2 33. Rxc5 {[%emt 0:00:07] KR-KR} Ra3 34. Ke4 {[%emt 0:00:13] And now Ke5 would win.} Rxb3 35. Rxa5 Rb2 36. f3 Re2+ (36... f6 $11) 37. Kd4 $16 Rd2+ 38. Ke5 (38. Kc3 $16 Rf2 39. f4) 38... Rd3 $2 ({Black should play} 38... Kg7 $1 $14) 39. Ke4 $2 (39. c5 $18 {Strongly threatening c6.} Rd5+ 40. Kf6 Rf5+ 41. Ke7) 39... Rd1 40. Ra8+ Kg7 {[%emt 0:00:02] The position is equal.} 41. Ra3 Kf6 42. Rd3 Rc1 43. Kd4 g5 44. hxg5+ Kxg5 45. c5 e5+ 46. Kd5 {[%emt 0:00:08] [#] Threatens to win with Re3.} f5 47. Re3 h4 48. gxh4+ Kxh4 49. Rxe5 f4 50. c6 Kg3 51. Kd6 Kxf3 52. c7 Rxc7 53. Kxc7 $11 {[%emt 0:00:01] KR-KP} Kg2 54. Rg5+ Kh2 55. Rf5 Kg3 56. Kd6 {[%emt 0:00:52] [#] White wants to mate with Kd5.} f3 57. Ke5 f2 58. Ke4 {[%emt 0:00:10] Threatening mate with Ke3.} Kg2 59. Rg5+ Kh2 60. Rf5 Kg2 61. Rxf2+ Kxf2 {[%emt 0:00:04] Weighted Error Value: White=0.12 (very precise) /Black=0.12 (very precise)} 1/2-1/2

[Event "44th Chess Olympiad Open 2022"]
[Site "Chennai"]
[Date "2022.08.08"]
[Round "10.25"]
[White "Stanojoski, Zvonko"]
[Black "Amin, Bassem"]
[Result "0-1"]
[ECO "C60"]
[WhiteElo "2412"]
[BlackElo "2680"]
[Annotator "TA"]
[PlyCount "94"]
[EventDate "2022.07.29"]
[EventType "team-tourn"]
[EventCountry "IND"]
[SourceTitle "playchess.com"]
[Source "ChessBase"]
[SourceQuality "1"]
[WhiteTeam "Macedonia"]
[BlackTeam "Egypt"]
[WhiteTeamCountry "MKD"]
[BlackTeamCountry "EGY"]
[TimeControl "40/5400+30:1800+30"]

1. e4 e5 2. Nf3 Nc6 3. Bb5 Nge7 4. d4 exd4 5. O-O g6 6. Nxd4 Bg7 7. Nxc6 {[%emt 0:00:22] C60: Ruy Lopez: Unusual Black 3rd moves and 3...g6.} bxc6 8. Ba4 O-O 9. c3 {[%emt 0:00:29] [#] White is slightly better.} d6 $146 ({Predecessor:} 9... c5 10. Be3 d6 11. Nd2 Be6 12. Bb3 Qd7 13. Bxe6 Qxe6 14. Qc2 Rab8 15. b3 Nc6 {0-1 (37) Leben,D (1899)-Osolin,B (2012) Ljubljana 2017}) 10. Bg5 c5 11. Qd2 Rb8 12. Re1 Be6 13. e5 ({White should play} 13. h3) 13... h6 $11 14. exd6 cxd6 (14... hxg5 15. dxe7 Qxe7 16. Bb3 $14) 15. Bxh6 Bxh6 16. Qxh6 Rxb2 17. Bb3 (17. Qc1 $11 Rxa2 18. Rxa2 Bxa2 19. Nd2) 17... c4 $17 (17... Nf5 18. Qc1 Bxb3 19. Qxb2 $16) 18. Qc1 Rxb1 ({Much less strong is} 18... cxb3 19. Qxb2 bxa2 20. Nd2 $16) 19. Qxb1 {[%emt 0:00:07] [#] Threatens to win with Ba4.} cxb3 20. axb3 Qb6 21. b4 Rc8 22. Ra3 Rc7 23. Qa1 Bc4 {[%emt 0:00:54] Prevents Ra6.} (23... Nf5 $142 24. Qd1 d5) 24. Qc1 Kg7 25. h4 d5 26. Qf4 Rb7 ({Much weaker is} 26... f6 27. Ra5 $11) 27. h5 {[%emt 0:02:19][%mdl 64] [#] Decoy} gxh5 (27... f6 28. Ra5 $11) 28. Qe5+ Qf6 29. Qxh5 Ng6 30. Re3 a6 31. Rh3 Re7 {[%emt 0:00:43] And now ...Re1+ would win.} 32. Ra1 {[%emt 0:00:18] Inhibits Re1+.} Re2 33. Qh6+ Kg8 {[%emt 0:00:04] Dancing on a razor blade.} 34. Qh7+ Kf8 35. Rf3 Qg7 {[%emt 0:03:29] Active counter play!} 36. Qh3 Kg8 $40 {[%emt 0:01:18][%mdl 128] Black has some attack.} 37. Qd7 Re7 38. Qc8+ Qf8 39. Qf5 Re5 40. Qh3 Qe7 41. Qh6 Qh4 ({Much worse is} 41... Re1+ $6 42. Rxe1 Qxe1+ 43. Kh2 $11) 42. Qxh4 Nxh4 43. Rh3 Ng6 44. Rd1 $2 {[%emt 0:00:13] This move loses the game for White.} (44. Re3 $17 {is a better defense.}) 44... Nf4 $19 {[%emt 0:00:41] Black has a decisive advantage.} 45. Rh4 Ne2+ 46. Kh2 Nxc3 47. Rdd4 Re4 {[%emt 0:05:45] Weighted Error Value: White=0.16 (very precise) /Black=0.06 (flawless)} 0-1

[Event "44th Chess Olympiad Open 2022"]
[Site "Chennai"]
[Date "2022.08.08"]
[Round "10.26"]
[White "Draskovic, Luka"]
[Black "Mhango, Banele"]
[Result "1/2-1/2"]
[ECO "A07"]
[WhiteElo "2503"]
[BlackElo "2238"]
[Annotator "TA"]
[PlyCount "100"]
[EventDate "2022.07.29"]
[EventType "team-tourn"]
[EventCountry "IND"]
[SourceTitle "playchess.com"]
[Source "ChessBase"]
[SourceQuality "1"]
[WhiteTeam "Montenegro"]
[BlackTeam "South Africa"]
[WhiteTeamCountry "MNE"]
[BlackTeamCountry "RSA"]
[TimeControl "40/5400+30:1800+30"]

1. Nf3 Nf6 2. g3 d5 3. Bg2 Bf5 4. c4 e6 5. Qb3 Na6 6. cxd5 {[%emt 0:11:25] A07: Réti Opening: New York and Capablanca Systems.} exd5 7. d3 Nc5 8. Qc2 h6 9. O-O (9. Be3 $5 Ncd7 10. Nc3 $11) 9... Be7 10. b3 O-O 11. Bb2 {[%emt 0:00:20] [#]} Ne6 $146 ({Predecessor:} 11... Re8 12. Nbd2 Bf8 13. Rfe1 a5 14. Rad1 Rxe2 15. Ne5 Rxe1+ 16. Rxe1 Ng4 17. Nxg4 Bxg4 {0-1 (100) Benidze,D (2469)-Zeynalov,R (2250) Baku 2019}) 12. Nbd2 Bh7 13. Nd4 Nxd4 14. Bxd4 a5 15. Nf3 c6 16. Rac1 Ne8 17. e4 Nd6 18. Qb2 Ne8 19. Rfe1 Bf6 (19... Bb4 $11) 20. Bxf6 {[%emt 0:06:41] White is much more active. The black rooks are badly placed.} (20. exd5 $1 $14 Qxd5 21. Ne5) 20... Qxf6 21. e5 (21. Ne5 $5 ) 21... Qe7 22. Qc3 Nc7 23. Nd4 Qb4 24. Bh3 Na6 25. Bf5 Qxc3 26. Bxh7+ Kxh7 27. Rxc3 c5 28. Nb5 d4 29. Rc2 Nb4 30. Rd2 a4 31. bxa4 Rxa4 32. a3 Nd5 $36 {[%emt 0:00:19][%mdl 2048] Black has the initiative.} 33. e6 fxe6 34. Rxe6 Rd8 35. Kg2 Rd7 36. Rc2 Ra5 (36... Ra6 $15 37. Re5 Rg6) 37. a4 ({But not} 37. Rxc5 $2 b6 38. Rxd5 Rxd5 $19) ({White should try} 37. Rd6 $1 $11 Rxd6 38. Nxd6) 37... b6 38. Rc4 Kg8 39. Kf1 Kf8 40. Rc6 Ke7 41. Rg6 Kf7 42. Rc6 Ke7 (42... Kf8 $15) 43. Rg6 $1 $11 Kf7 ({Black should play} 43... Kd8 $11) 44. Rc6 $15 Ra8 (44... Kf8 $1 $15 {feels stronger.}) 45. Nd6+ $11 Kf8 46. Nc8 {[%emt 0:02:59] The position is equal.} Rb7 47. Rd6 {[%emt 0:00:59] [#] Strongly threatening Rd8+.} Rxc8 48. Rxd5 Ra8 49. Rd6 Kf7 50. Rc6 Ra5 {[%emt 0:02:20] Weighted Error Value: White=0.10 (very precise) /Black=0.14 (very precise)} 1/2-1/2